 Dungeon Crawl Stone Soup version 0.30-a0-160-gcfceee88d3 (webtiles) character file.

Game seed: 16121739237727784529

3444 qw the Blocker (level 10, -5/59 HPs)
             Began as a Gargoyle Fighter on Sept 27, 2022.
             Was a Priest of Okawaru.
             Slain by a death knight
             ... wielding a +3 broad axe
              (22 damage)
             ... on level 9 of the Dungeon.
             The game lasted 00:03:08 (8192 turns).

qw the Blocker (Gargoyle Fighter)                   Turns: 8192, Time: 00:03:09

Health: -5/59      AC: 23    Str: 24    XL:     10   Next: 5%
Magic:  12/13      EV: 11    Int:  9    God:    Okawaru [***...]
Gold:   234        SH: 16    Dex:  5    Spells: 9/9 levels left

rFire   + . .      SeeInvis .    Y - +1 war axe (flame)
rCold   . . .      Faith    .    p - +0 tower shield
rNeg    + . .      Spirit   .    c - +0 chain mail
rPois   inf        Reflect  .    s - +2 helmet
rElec   +          Harm     .    (no cloak)
rCorr   .          Rampage  .    (no gloves)
Will    +....                    m - +1 pair of boots "Kits" {+Blink rF+ Will+ Dex-4}
Stlth   ..........               (no amulet)
HPRegen 0.19/turn                k - +4 ring of evasion
MPRegen 0.13/turn                (no ring)

@: heroic
A: sickness immunity, AC +7, negative energy resistance 1, electricity
resistance, torment resistance 1, petrification resistance
a: Renounce Religion, Evoke Blink, Heroism


You were on level 9 of the Dungeon.
You worshipped Okawaru.
Okawaru was most pleased with you.
You visited 2 branches of the dungeon, and saw 10 of its levels.
You also visited: Sewer.

You collected 281 gold pieces.
You spent 47 gold pieces at shops.


Innate Abilities, Weirdness & Mutations

You are immune to sickness and miasma.
Your stone body is resilient. (AC +7)
You are immune to poison.
You resist negative energy. (rN+)
You are resistant to electric shocks. (rElec)
You are resistant to unholy torment.
You are immune to petrification.


   Skills:
 - Level 5.0(10.0) Fighting
 + Level 7.8(12.8) Axes
 - Level 1.7(6.7) Throwing
 - Level 3.2(8.2) Armour
 - Level 1.0(6.0) Dodging
 - Level 10.9(15.9) Shields
 - Level 4.1 Invocations


You had 9 spell levels left.
You didn't know any spells.
Your spell library was empty.

Inventory:

Hand Weapons
 Y - a +1 war axe of flaming (weapon)
Missiles
 h - 3 boomerangs (quivered)
Armour
 c - a +0 chain mail (worn)
 m - the +1 pair of boots "Kits" (worn) {+Blink rF+ Will+ Dex-4}
   (You acquired it on level 4 of the Dungeon)

   Dex:       It affects your dexterity (-4).
   rF:        It protects you from fire.
   +Blink:    It lets you blink.
   Will:      It increases your willpower.
 p - a +0 tower shield (worn)
 s - a +2 helmet (worn)
Jewellery
 k - a +4 ring of evasion (left hand)
 n - a ring of ice
Scrolls
 a - 3 scrolls of identify
 f - 3 scrolls of teleportation
Potions
 d - a potion of might
 e - 2 potions of mutation
 g - 3 potions of lignification
 i - 4 potions of curing
 j - 2 potions of attraction
 l - a potion of heal wounds
 o - 2 potions of haste
 q - a potion of resistance

Dungeon Overview and Level Annotations

Branches:
Dungeon (9/15)             Temple (1/1) D:4           Sewer (visited)
   Lair: D:8-11         Orc: D:9-12

Altars:
Cheibriados
Dithmenos
Elyvilon
Fedhas
Gozag
Hepliaklqana
Kikubaaqudgha
Makhleb
Nemelex Xobeh
Okawaru
Qazlal
Ru
Sif Muna
Uskayaw
Vehumet
Wu Jian
Xom
Yredelemnul
Zin
The Shining One

Shops:
D:1 **!*


Message History

Existing waypoints: (1) D:7 (2) D:8 Assign waypoint to what number? (0-9, D - delete waypoint) Waypoint 1 re-assigned from D:7 to D:9.
8178 ||| Stepping ~*~*~tactically~*~*~ (hiding).
You see here 3 atropa-tipped darts.
8179 ||| Stepping ~*~*~tactically~*~*~ (hiding).
You start waiting.
A death knight is nearby!
You barely miss the death knight.
The death knight invokes the aid of Yredelemnul against you.
You resist with some effort.
You completely miss the death knight. You block the death knight's attack.
You completely miss the death knight. You block the death knight's attack.
The death knight hits you with a +3 broad axe!
You closely miss the death knight.
The death knight hits you with a +3 broad axe!
8186 ||| INVOKING Heroism.
You gain the combat prowess of a mighty hero.
You block the death knight's attack.
You barely miss the death knight. You block the death knight's attack.
You hit the death knight. You burn the death knight.
The death knight is lightly wounded.
The death knight hits you with a +3 broad axe!!
You hit the death knight. You burn the death knight.
The death knight is lightly wounded.
You block the death knight's attack.
You hit the death knight but do no damage.
The death knight is lightly wounded.
The death knight closely misses you.
You hit the death knight but do no damage.
The death knight is lightly wounded.
You block the death knight's attack.
You slash the death knight! You burn the death knight.
The death knight is moderately wounded.
The death knight hits you with a +3 broad axe!!
You die...

#########
#........
+........
##<..###
#(.py..#
#.@#...)#
#..#..p.#
#..# ...#
....
###y.
####.. .
.. ...
...


You could see a death knight and a hornet.

Vanquished Creatures
  Grinder (D:4)
  A steam dragon (D:8)
  5 yaks (D:8)
  5 water moccasins
  Pargi (Sewer)
  2 black bears
  3 ogres
  A centaur (D:7)
  2 scorpions
  2 bullfrogs
  3 wights (D:8)
  A howler monkey (D:6)
  3 jellies
  5 orc priests
  2 hounds
  Jessica (D:3)
  5 iguanas
  5 orc wizards
  Terence (D:3)
  3 gnolls (D:4)
  10 adders
  A river rat (D:4)
  2 white imps (D:5)
  An ufetubus (D:5)
  5 worms
  2 dart slugs
  26 orcs
  6 ball pythons
  4 endoplasms
  5 giant cockroaches
  6 goblins
  9 hobgoblins
  4 kobolds
  A quokka (D:2)
  3 bats
  5 frilled lizards
  5 rats
147 creatures vanquished.

Notes
Turn   | Place    | Note
-------+----------+-------------------------------------------
     0 | D:1      | qw the Gargoyle Fighter began the quest for the Orb.
     0 | D:1      | Reached XP level 1. HP: 14/14 MP: 1/1
     0 | D:1      | 0 ||| qw: Version: 0.2-a-10-g37ed214
     0 | D:1      | 0 ||| qw: Game counter: 593
     0 | D:1      | 0 ||| qw: Always use a shield: true
     0 | D:1      | 0 ||| qw: God list: Okawaru
     0 | D:1      | 0 ||| qw: Allow faded altars: false
     0 | D:1      | 0 ||| qw: Do Orc after D:15 true
     0 | D:1      | 0 ||| qw: Do second Lair branch before Depths: true
     0 | D:1      | 0 ||| qw: Lair rune preference: random
     0 | D:1      | 0 ||| qw: Plans: Normal, Zot:1-4, God:TSO, Crypt, Tomb,
                  | Pan, Slime:5, Hells, Abyss, Orb
     0 | D:1      | 0 ||| PLANNING D:1-11
   153 | D:1      | Reached XP level 2. HP: 19/19 MP: 2/2
   331 | D:1      | 331 ||| Stepping ~*~*~tactically~*~*~ (stealth).
   509 | D:1      | Found Ijyeph's General Store.
   516 | D:1      | 516 ||| DROPPING +0 club.
   538 | D:1      | 538 ||| SHOPLISTING potion of attraction (33 gold, have
                  | 22).
   538 | D:1      | 538 ||| SHOPLISTING scroll of enchant armour (82 gold, have
                  | 22).
   538 | D:1      | 538 ||| SHOPLISTING scroll of teleportation (33 gold, have
                  | 22).
   570 | D:1      | Found Mepauts's Assorted Antiques.
   579 | D:1      | 579 ||| SHOPLISTING 2 scrolls labelled FUELUI QIGHUAM (52
                  | gold, have 37).
   579 | D:1      | 579 ||| BUYING coppery potion (23 gold).
   579 | D:1      | Bought a coppery potion for 23 gold pieces
   579 | D:1      | 579 ||| SHOPLISTING large silver ring (130 gold, have 14).
   579 | D:1      | 579 ||| SHOPLISTING pair of glowing gloves (195 gold, have
                  | 14).
   579 | D:1      | 579 ||| SHOPLISTING potion of might (104 gold, have 14).
   579 | D:1      | 579 ||| SHOPLISTING scroll labelled AMIRAU KEWKAMM (26
                  | gold, have 14).
   579 | D:1      | 579 ||| SHOPLISTING scroll labelled BEUR PYTANU (26 gold,
                  | have 14).
   579 | D:1      | 579 ||| SHOPLISTING tubular ruby ring (130 gold, have 14).
   585 | D:1      | Found Moiviff's Distillery.
   590 | D:1      | 590 ||| SHOPLISTING 2 potions of curing (78 gold, have 14).
   590 | D:1      | 590 ||| SHOPLISTING potion of curing (39 gold, have 14).
   590 | D:1      | 590 ||| SHOPLISTING potion of lignification (39 gold, have
                  | 14).
   590 | D:1      | 590 ||| SHOPLISTING potion of might (52 gold, have 14).
   590 | D:1      | 590 ||| SHOPLISTING potion of mutation (104 gold, have 14).
   823 | D:1      | Found Henas's Assorted Antiques.
   826 | D:1      | 826 ||| SHOPLISTING 2 silvery potions (48 gold, have 24).
   826 | D:1      | 826 ||| BUYING fizzy purple potion (24 gold).
   826 | D:1      | Bought a fizzy purple potion for 24 gold pieces
   826 | D:1      | 826 ||| SHOPLISTING lumpy cyan potion (24 gold, have 0).
   826 | D:1      | 826 ||| SHOPLISTING scroll labelled IBIFOO KIODOIR (27
                  | gold, have 0).
   826 | D:1      | 826 ||| SHOPLISTING scroll labelled VAPNOCO CITHREL (27
                  | gold, have 0).
   826 | D:1      | 826 ||| SHOPLISTING silvery potion (24 gold, have 0).
  1102 | D:1      | 1102 ||| READING 3 scrolls labelled AMIRAU KEWKAMM.
  1103 | D:1      | 1103 ||| READING scroll labelled IBIFOO KIODOIR.
  1104 | D:1      | 1104 ||| DRINKING 2 silvery potions.
  1132 | D:1      | 1132 ||| DRINKING 2 fizzy purple potions.
  1133 | D:1      | 1133 ||| READING 2 scrolls of identify.
  1133 | D:1      | 1133 ||| IDENTIFYING coppery potion
  1134 | D:1      | 1134 ||| DROPPING potion of brilliance.
  1241 | D:2      | Reached skill level 3 in Axes
  1265 | D:2      | Reached XP level 3. HP: 19/23 MP: 3/3
  1823 | D:2      | Reached XP level 4. HP: 26/28 MP: 4/4
  1856 | D:2      | 1856 ||| DROPPING amulet of magic regeneration.
  1857 | D:2      | 1857 ||| READING scroll labelled OMPUYWATUODD.
  1858 | D:2      | 1858 ||| READING scroll labelled BOECIE YLUU.
  1859 | D:2      | 1859 ||| READING scroll labelled BEUR PYTANU.
  1860 | D:2      | 1860 ||| READING 2 scrolls of identify.
  1860 | D:2      | 1860 ||| IDENTIFYING lumpy emerald potion
  2165 | D:3      | Found a shimmering altar of Xom.
  2184 | D:3      | 2184 ||| Stepping ~*~*~tactically~*~*~ (stealth).
  2356 | D:3      | 2356 ||| Stepping ~*~*~tactically~*~*~ (stealth).
  2358 | D:3      | 2358 ||| Stepping ~*~*~tactically~*~*~ (stealth).
  2389 | D:3      | Noticed Terence
  2390 | D:3      | 2390 ||| Stepping ~*~*~tactically~*~*~ (hiding).
  2405 | D:3      | Killed Terence
  2406 | D:3      | Reached XP level 5. HP: 23/32 MP: 5/5
  2412 | D:3      | HP: 6/32 [acid (5)]
  2666 | D:3      | 2666 ||| DROPPING +1 whip of flaming.
  2680 | D:3      | Noticed Jessica
  2686 | D:3      | Killed Jessica
  3091 | D:3      | Found a sacrificial altar of Ru.
  3091 | D:3      | Found a white marble altar of Elyvilon.
  3125 | D:3      | 3125 ||| UPGRADING to +4 ring of evasion.
  3126 | D:3      | 3126 ||| READING scroll labelled ICYCANK VYTOU.
  3227 | D:3      | 3227 ||| DRINKING 2 lumpy cyan potions.
  3228 | D:3      | 3228 ||| DRINKING 3 emerald potions.
  3238 | D:4      | 3238 ||| PLANNING SEWER
  3252 | D:4      | 3252 ||| Stepping ~*~*~tactically~*~*~ (hiding).
  3287 | D:4      | Found a staircase to the Ecumenical Temple.
  3386 | D:4      | Found a glowing drain.
  3387 | D:4      | 3387 ||| FLEEEEING.
  3397 | D:4      | 3397 ||| READING scroll labelled DAETSE ZOXOAZ.
  3398 | D:4      | 3398 ||| READING 3 scrolls of identify.
  3398 | D:4      | 3398 ||| IDENTIFYING cyan potion
  3399 | D:4      | 3399 ||| READING 2 scrolls of identify.
  3399 | D:4      | 3399 ||| IDENTIFYING amethyst potion
  3400 | D:4      | 3400 ||| DROPPING potion of degeneration.
  3412 | D:4      | 3412 ||| FLEEEEING.
  3413 | D:4      | 3413 ||| FLEEEEING.
  3414 | D:4      | 3414 ||| FLEEEEING.
  3415 | D:4      | 3415 ||| FLEEEEING.
  3416 | D:4      | 3416 ||| FLEEEEING.
  3417 | D:4      | 3417 ||| FLEEEEING.
  3418 | D:4      | 3418 ||| FLEEEEING.
  3419 | D:4      | 3419 ||| FLEEEEING.
  3420 | D:4      | 3420 ||| FLEEEEING.
  3421 | D:4      | 3421 ||| FLEEEEING.
  3422 | D:4      | 3422 ||| FLEEEEING.
  3423 | D:4      | 3423 ||| FLEEEEING.
  3424 | D:4      | 3424 ||| FLEEEEING.
  3425 | D:4      | 3425 ||| FLEEEEING.
  3426 | D:4      | 3426 ||| FLEEEEING.
  3427 | D:4      | 3427 ||| FLEEEEING.
  3444 | D:4      | 3444 ||| FLEEEEING.
  3464 | D:4      | 3464 ||| FLEEEEING.
  3474 | D:4      | 3474 ||| READING scroll labelled ZAHIXZE HETO.
  3480 | D:4      | 3480 ||| FLEEEEING.
  3481 | D:4      | 3481 ||| FLEEEEING.
  3482 | D:4      | 3482 ||| FLEEEEING.
  3489 | D:4      | Reached skill level 1 in Dodging
  3489 | D:4      | Reached XP level 6. HP: 26/38 MP: 6/6
  3492 | D:4      | 3492 ||| FLEEEEING.
  3493 | D:4      | 3493 ||| FLEEEEING.
  3494 | D:4      | 3494 ||| FLEEEEING.
  3500 | D:4      | 3500 ||| FLEEEEING.
  3501 | D:4      | 3501 ||| FLEEEEING.
  3502 | D:4      | 3502 ||| FLEEEEING.
  3503 | D:4      | 3503 ||| FLEEEEING.
  3525 | D:4      | 3525 ||| FLEEEEING.
  3526 | D:4      | 3526 ||| FLEEEEING.
  3530 | D:4      | 3530 ||| FLEEEEING.
  3531 | D:4      | 3531 ||| FLEEEEING.
  3532 | D:4      | 3532 ||| FLEEEEING.
  3548 | D:4      | 3548 ||| FLEEEEING.
  3553 | D:4      | 3553 ||| FLEEEEING.
  3554 | D:4      | 3554 ||| FLEEEEING.
  3557 | D:4      | 3557 ||| FLEEEEING.
  3558 | D:4      | 3558 ||| FLEEEEING.
  3559 | D:4      | 3559 ||| FLEEEEING.
  3560 | D:4      | 3560 ||| FLEEEEING.
  3561 | D:4      | 3561 ||| FLEEEEING.
  3562 | D:4      | 3562 ||| FLEEEEING.
  3563 | D:4      | 3563 ||| STAIRDANCE
  3618 | D:4      | 3618 ||| FLEEEEING.
  3619 | D:4      | 3619 ||| FLEEEEING.
  3634 | Sewer    | Entered a sewer
  3665 | Sewer    | Noticed Pargi
  3670 | Sewer    | 3670 ||| Stepping ~*~*~tactically~*~*~ (stealth).
  3687 | Sewer    | Killed Pargi
  3844 | Sewer    | 3844 ||| READING 2 scrolls labelled JUSE JIALOAX.
  3845 | Sewer    | 3845 ||| READING scroll labelled YROTHR VOERIST.
  3846 | Sewer    | 3846 ||| DROPPING +0 flail.
  3847 | Sewer    | 3847 ||| READING scroll labelled NALEISM KIEFF.
  3851 | Sewer    | 3851 ||| DROPPING scroll of summoning.
  3871 | D:4      | 3871 ||| PLANNING TEMPLE
  3914 | Temple   | Entered the Ecumenical Temple
  3953 | Temple   | 3953 ||| PLANNING OKAWARU WORSHIP
  4038 | Temple   | Became a worshipper of Warmaster Okawaru
  4039 | Temple   | 4039 ||| PLANNING D:1-11
  4129 | D:4      | Noticed Grinder
  4134 | D:4      | Paralysed by Grinder for 4 turns
  4138 | D:4      | HP: 9/38 [Grinder/nerve-wracking pain (4)]
  4139 | D:4      | 4139 ||| READING scroll of teleportation.
  4140 | D:4      | 4140 ||| DRINKING 2 potions of heal wounds.
  4347 | D:4      | Killed Grinder
  4347 | D:4      | Reached * piety under Okawaru
  4348 | D:4      | Reached skill level 6 in Axes
  4348 | D:4      | Reached XP level 7. HP: 36/43 MP: 7/7
  4622 | D:4      | 4622 ||| INVOKING Heroism.
  4629 | D:4      | Reached skill level 1 in Invocations
  4829 | D:4      | 4829 ||| READING scroll labelled JULIUDGH WARUUQ.
  4829 | D:4      | Identified a scroll of acquirement
  4829 | D:4      | 4829 ||| ACQUIRING +1 pair of boots "Kits" {+Blink rF+
                  | Will+ Dex-4}
  4829 | D:4      | Acquired the +1 pair of boots "Kits" {+Blink rF+ Will+
                  | Dex-4}
  4831 | D:4      | 4831 ||| UPGRADING to +1 pair of boots "Kits" {+Blink rF+
                  | Will+ Dex-4}.
  4836 | D:4      | 4836 ||| READING 2 scrolls of identify.
  4836 | D:4      | 4836 ||| IDENTIFYING fizzy coppery potion
  4858 | D:4      | 4858 ||| STAIRDANCE
  4862 | D:4      | 4862 ||| STAIRDANCE
  4866 | D:4      | 4866 ||| STAIRDANCE
  4870 | D:4      | 4870 ||| STAIRDANCE
  4874 | D:4      | 4874 ||| STAIRDANCE
  4878 | D:4      | 4878 ||| STAIRDANCE
  4882 | D:4      | 4882 ||| STAIRDANCE
  4886 | D:4      | 4886 ||| STAIRDANCE
  4890 | D:4      | 4890 ||| STAIRDANCE
  4894 | D:4      | 4894 ||| STAIRDANCE
  4898 | D:4      | 4898 ||| STAIRDANCE
  4902 | D:4      | 4902 ||| STAIRDANCE
  4906 | D:4      | 4906 ||| STAIRDANCE
  4910 | D:4      | 4910 ||| STAIRDANCE
  4914 | D:4      | 4914 ||| STAIRDANCE
  4918 | D:4      | 4918 ||| STAIRDANCE
  4922 | D:4      | 4922 ||| STAIRDANCE
  4926 | D:4      | 4926 ||| STAIRDANCE
  4930 | D:4      | 4930 ||| STAIRDANCE
  5048 | D:5      | Entered Level 5 of the Dungeon
  5049 | D:5      | 5049 ||| Stepping ~*~*~tactically~*~*~ (hiding).
  5057 | D:5      | 5057 ||| INVOKING Heroism.
  5060 | D:5      | 5060 ||| STAIRDANCE
  5243 | D:5      | 5243 ||| Stepping ~*~*~tactically~*~*~ (stealth).
  5244 | D:5      | 5244 ||| Stepping ~*~*~tactically~*~*~ (stealth).
  5248 | D:5      | 5248 ||| Stepping ~*~*~tactically~*~*~ (stealth).
  5249 | D:5      | 5249 ||| Stepping ~*~*~tactically~*~*~ (stealth).
  5267 | D:5      | 5267 ||| INVOKING Heroism.
  5291 | D:5      | 5291 ||| Stepping ~*~*~tactically~*~*~ (stealth).
  5325 | D:5      | 5325 ||| Stepping ~*~*~tactically~*~*~ (stealth).
  5328 | D:5      | 5328 ||| Stepping ~*~*~tactically~*~*~ (hiding).
  5368 | D:5      | 5368 ||| Stepping ~*~*~tactically~*~*~ (stealth).
  5408 | D:5      | 5408 ||| Stepping ~*~*~tactically~*~*~ (stealth).
  5413 | D:5      | 5413 ||| INVOKING Heroism.
  5473 | D:5      | 5473 ||| Stepping ~*~*~tactically~*~*~ (stealth).
  5476 | D:5      | 5476 ||| Stepping ~*~*~tactically~*~*~ (stealth).
  5478 | D:5      | 5478 ||| Stepping ~*~*~tactically~*~*~ (hiding).
  5479 | D:5      | 5479 ||| Stepping ~*~*~tactically~*~*~ (hiding).
  5490 | D:5      | 5490 ||| INVOKING Heroism.
  5494 | D:5      | Reached XP level 8. HP: 33/49 MP: 6/9
  5531 | D:5      | 5531 ||| Stepping ~*~*~tactically~*~*~ (stealth).
  5579 | D:5      | 5579 ||| Stepping ~*~*~tactically~*~*~ (stealth).
  5584 | D:5      | 5584 ||| Stepping ~*~*~tactically~*~*~ (stealth).
  5627 | D:5      | 5627 ||| INVOKING Heroism.
  5634 | D:5      | Reached skill level 3 in Invocations
  5759 | D:5      | Found a hazy altar of Hepliaklqana.
  5846 | D:5      | 5846 ||| UPGRADING to +0 tower shield.
  5856 | D:5      | 5856 ||| DROPPING +0 buckler.
  5857 | D:5      | 5857 ||| DROPPING +6 ring of intelligence.
  5858 | D:5      | 5858 ||| DRINKING 2 brown potions.
  5959 | D:5      | 5959 ||| DROPPING potion of ambrosia.
  5978 | D:6      | 5978 ||| STAIRDANCE
  6041 | D:6      | 6041 ||| Stepping ~*~*~tactically~*~*~ (stealth).
  6062 | D:6      | Found a shadowy altar of Dithmenos.
  6136 | D:6      | Reached skill level 4 in Shields
  6168 | D:6      | 6168 ||| INVOKING Heroism.
  6266 | D:6      | 6266 ||| INVOKING Heroism.
  6274 | D:6      | Reached skill level 5 in Shields
  6492 | D:7      | 6492 ||| INVOKING Heroism.
  6493 | D:7      | 6493 ||| STAIRDANCE
  6544 | D:7      | 6544 ||| STAIRDANCE
  6546 | D:6      | 6546 ||| INVOKING Heroism.
  6570 | D:7      | 6570 ||| INVOKING Heroism.
  6572 | D:7      | Reached skill level 6 in Shields
  6582 | D:7      | Reached XP level 9. HP: 50/54 MP: 10/12
  6672 | D:7      | Reached ** piety under Okawaru
  6673 | D:7      | Reached skill level 7 in Shields
  6791 | D:7      | 6791 ||| INVOKING Heroism.
  6840 | D:7      | Found a flagged portal.
  6841 | D:7      | 6841 ||| INVOKING Heroism.
  6990 | D:7      | Reached skill level 8 in Shields
  7035 | D:7      | 7035 ||| Stepping ~*~*~tactically~*~*~ (stealth).
  7037 | D:7      | 7037 ||| Stepping ~*~*~tactically~*~*~ (stealth).
  7040 | D:7      | 7040 ||| Stepping ~*~*~tactically~*~*~ (stealth).
  7043 | D:7      | 7043 ||| Stepping ~*~*~tactically~*~*~ (stealth).
  7216 | D:7      | 7216 ||| UPGRADING to +0 helmet.
  7221 | D:7      | 7221 ||| READING scroll labelled LOKOXAAVAF.
  7222 | D:7      | 7222 ||| READING scroll labelled KOCKEU CENY.
  7370 | D:8      | 7370 ||| Stepping ~*~*~tactically~*~*~ (stealth).
  7380 | D:8      | 7380 ||| Stepping ~*~*~tactically~*~*~ (stealth).
  7383 | D:8      | 7383 ||| Stepping ~*~*~tactically~*~*~ (stealth).
  7416 | D:8      | 7416 ||| Stepping ~*~*~tactically~*~*~ (stealth).
  7421 | D:8      | 7421 ||| Stepping ~*~*~tactically~*~*~ (stealth).
  7437 | D:8      | Reached skill level 9 in Shields
  7446 | D:8      | 7446 ||| INVOKING Heroism.
  7463 | D:8      | 7463 ||| INVOKING Heroism.
  7473 | D:8      | Reached *** piety under Okawaru
  7474 | D:8      | Reached skill level 10 in Shields
  7606 | D:8      | 7606 ||| INVOKING Heroism.
  7611 | D:8      | Reached skill level 1 in Throwing
  7709 | D:8      | Found a burning altar of Makhleb.
  7906 | D:8      | 7906 ||| Stepping ~*~*~tactically~*~*~ (hiding).
  7912 | D:8      | Reached XP level 10. HP: 52/59 MP: 13/13
  8108 | D:8      | 8108 ||| UPGRADING to +0 chain mail.
  8118 | D:8      | 8118 ||| DROPPING +0 scale mail.
  8119 | D:8      | 8119 ||| UPGRADING to +2 helmet.
  8129 | D:8      | 8129 ||| DROPPING +0 helmet.
  8177 | D:9      | Noticed a death knight
  8178 | D:9      | 8178 ||| Stepping ~*~*~tactically~*~*~ (hiding).
  8179 | D:9      | 8179 ||| Stepping ~*~*~tactically~*~*~ (hiding).
  8186 | D:9      | 8186 ||| INVOKING Heroism.
  8192 | D:9      | Slain by a death knight

Levels and vault maps discovered:
D:1:      dpeg_arrival_rhombi, layout_loops_ring, serial_shops,
          nicolae_shop_temple_entry_statues_fountains, shop_statue,
          nicolae_shop_behind_doors, shop, kennysheep_small_spiral,
          minmay_worlds_worst_comb
D:2:      layout_rooms, serial_aquarium, aquarium_bridge_square
          [aquarium_subvault_bridge, aquarium_subvault_bridge,
          aquarium_subvault_bridge, aquarium_subvault_window],
          aquarium_bridge_square [aquarium_subvault_balcony,
          aquarium_subvault_bridge, aquarium_subvault_window,
          aquarium_subvault_balcony], aquarium_window_1, aquarium_window_1,
          aquarium_window_2, aquarium_window_fake, aquarium_view_2g,
          aquarium_view_2d, aquarium_balcony_double_2, aquarium_pool_four
D:3:      layout_loops_ring, nicolae_overflow_hidden_temple,
          gammafunk_temple_overflow_statue, minmay_fractal_squares_5,
          uniq_terence, uniq_jessica
D:4:      layout_basic, minmay_temple_entry_statues,
          cheibrodos_sewer_entry_sluice, serial_corexii_hall,
          corexii_hall_statues_t, corexii_hall_statues_x, uniq_grinder
D:5:      layout_rooms, lemuel_crystal_altar, nrook_pool_corridor
D:6:      layout_gridville, nicolae_dithmenos_the_darkroom
D:7:      layout_rooms, enter_bailey_1
D:8:      layout_loops_ring, mainiacjoe_overflow_chevrons
D:9:      minmay_the_grid_3x2 [minmay_the_grid_tri_star,
          minmay_the_grid_large_cup, minmay_the_grid_spikes,
          minmay_the_grid_spin_star, minmay_the_grid_empty,
          minmay_the_grid_prize_big_room], layout_irregular_city,
          trog_hazing_becter, minmay_bent, uniq_maggie
Temple:   jpeg_temple_clearing

Skill      XL: |  1  2  3  4  5  6  7  8  9 |
---------------+----------------------------+-----
Axes           | 2 3 4 5 6 7 |  7.8
Fighting       | 4 5 |  5.0
Dodging        | 1 |  1.0
Invocations    | 2 4 |  4.1
Shields        | 6 10 | 10.9
Throwing       | 1 |  1.7
Armour         | |  3.2

Action                   |  1- 3 |  4- 6 |  7- 9 | 10-12 || total
-------------------------+-------+-------+-------+-------++-------
Melee: War axe           |    82 |   126 |   301 |    17 ||   526
       Unarmed           |       |     7 |       |       ||     7
Throw: Boomerang         |    29 |    37 |    18 |     2 ||    86
Invok: Heroism           |       |       |    16 |     1 ||    17
  Use: Scroll            |     3 |    13 |     4 |       ||    20
       Potion            |     2 |     3 |     1 |       ||     6
Armor: Scale mail        |    48 |    66 |   112 |       ||   226
       Skin              |       |     3 |       |       ||     3
Dodge: Dodged            |    42 |    96 |   124 |     4 ||   266
Block: Buckler           |    10 |    29 |    19 |       ||    58
       Tower shield      |       |       |   151 |    10 ||   161

Table legend:
 A = Non-vault XP
 B = Vault XP
 C = Vault XP percentage of total XP
 D = Non-vault monster count
 E = Vault monster count
 F = Vault count percentage of total count
                 A         B        C        D         E       F
            +---------+---------+-------+---------+---------+-------
      Total |    4413 |     507 |  10.3 |     125 |      22 |  15.0
            +---------+---------+-------+---------+---------+-------
        D:1 |      20 |       4 |  16.7 |      11 |       2 |  15.4
        D:2 |      61 |       0 |   0.0 |      14 |       0 |   0.0
        D:3 |      85 |      79 |  48.2 |      10 |       8 |  44.4
        D:4 |     268 |     283 |  51.4 |      19 |       5 |  20.8
        D:5 |     720 |       0 |   0.0 |      17 |       0 |   0.0
        D:6 |     495 |       0 |   0.0 |      18 |       0 |   0.0
        D:7 |     948 |       0 |   0.0 |      20 |       0 |   0.0
        D:8 |    1816 |       0 |   0.0 |      16 |       0 |   0.0
      Sewer |       0 |     141 | 100.0 |       0 |       7 | 100.0
            +---------+---------+-------+---------+---------+-------
